Map: Lerilak Crest

Players

Antigone - Winner!

  • Race: Zerg Zerg
  • League: Diamond

LilDicky

  • Race: Terran Terran
  • League: Diamond

VOD

http://www.twitch.tv/tumescentpie

Description

Time

  • Played on: Jan. 2, 2016, 6:31 p.m.
  • Length: 3:02
Show
View Real Time Build Order
Export as new Build Order

Antigone Zerg - Winner!

Build Orders: Hatch First 

Get SALT Encoding   

  12  0:01  Drone  
  13  0:12  Overlord  
  13  0:18  Drone  
  14  0:30  Drone  
  14  0:31  Drone  
  14  0:35  Drone  
  17  0:57  Hatchery  
  17  0:58  Drone  
  17  1:01  Drone  
  18  1:15  Spawning Pool  
  18  1:17  Drone  
  18  1:20  Extractor  
  18  1:22  Drone  
  18  1:27  Drone  
  19  1:38  Drone  
  20  1:49  Overlord  
  20  2:05  Queen  
  22  2:10  Zergling x2  
  22  2:11  Queen  
  22  2:12  Zergling x4  
  27  2:29  Zergling x4  
  30  2:37  Drone  
  30  2:38  Zergling x2  
Show
View Real Time Build Order
Export as new Build Order

LilDicky Terran 

Build Orders:  

Get SALT Encoding   

  12  0:01  SCV  
  13  0:13  SCV  
  14  0:18  Supply Depot  
  14  0:25  SCV  
  15  0:39  SCV  
  16  0:42  Barracks  
  16  0:51  SCV  
  17  1:08  SCV, Barracks  
  18  1:16  Barracks  
  18  1:20  SCV  
  19  1:30  Marine  
  19  1:31  Supply Depot  
  19  1:32  SCV  
  21  1:44  Orbital Command  
  21  1:49  Marine  
  22  1:57  Barracks, Marine  
  23  2:07  Marine x2  
  25  2:15  Marine  
  26  2:17  SCV  
  27  2:24  Marine  
  27  2:25  Marine  
  29  2:31  SCV  
  29  2:32  Marine  
  31  2:40  Supply Depot  
  31  2:49  Bunker  
Tags
 
Add a new tag
Caveats
  • Supply blocks, unpowered buildings, or Contaminate may cause inaccurate times.
  • Supply counts are checked every 10 seconds.